 Dungeon Crawl Stone Soup version 0.20.1-1-g8b1a95d (webtiles) character file.

427 dvd the Covered (level 6, -1/51 HPs)
             Began as a Demigod Fighter on Sept 12, 2017.
             Splashed by a jelly's acid (7 damage)
             ... on level 3 of the Dungeon.
             The game lasted 00:06:24 (2875 turns).

dvd the Covered (Demigod Fighter)                   Turns: 2875, Time: 00:06:25

Health: -1/51      AC:  3    Str: 19    XL:     6   Next: 37%
Magic:  11/11      EV:  8    Int: 14    God:
Gold:   183        SH: 10    Dex: 17    Spells: 8/8 levels left

rFire    . . .     SeeInvis .   w - +0 short sword (venom)
rCold    . . .     Gourm    .   c - +0 shield
rNeg     . . .     Faith    .   b - +0 scale mail
rPois    .         Spirit   .   x - +0 helmet
rElec    .         Reflect  .   (no cloak)
rCorr    .         Harm     .   (no gloves)
MR       .....                  q - +2 pair of boots
Stlth    ..........             (no amulet)
Regen    0.2/turn               (no ring)
MPRegen  0.2/turn               (no ring)

@: corroded
A: high mp 1
a: no special abilities


You were on level 3 of the Dungeon.
You were not hungry.

You visited 1 branch of the dungeon, and saw 3 of its levels.

You collected 183 gold pieces.

Inventory:

Hand Weapons
 a - a +0 long sword
 w - a +0 short sword of venom (weapon)
Armour
 b - a +0 scale mail (worn)
 c - a +0 shield (worn)
 l - a +0 chain mail
 q - a +2 pair of boots (worn)
 x - a +0 helmet (worn)
Wands
 u - a wand of random effects (0/48)
Scrolls
 e - 4 scrolls of enchant armour {unknown}
 g - 2 scrolls of noise {unknown}
 h - 3 scrolls of recharging {unknown}
 i - 2 scrolls of immolation {unknown}
 k - a scroll of blinking {unknown}
 n - 3 scrolls of amnesia {unknown}
 o - a scroll of teleportation {unknown}
 r - a scroll of magic mapping {unknown}
 t - a scroll of remove curse {unknown}
 v - a scroll of fog {unknown}
Potions
 m - a potion of lignification {unknown}
 p - a potion of curing {unknown}
Comestibles
 d - a meat ration
 f - 2 bread rations


   Skills:
 + Level 3.5 Fighting
 + Level 0.1(2.2) Short Blades
 + Level 3.7 Long Blades
 + Level 0.1 Throwing
 + Level 3.9 Armour
 + Level 1.0 Dodging
 + Level 0.2 Stealth
 + Level 3.6 Shields
 * Level 1.8 Spellcasting


You had 8 spell levels left.
You didn't know any spells.

Dungeon Overview and Level Annotations

Branches:
Dungeon (3/15)


Innate Abilities, Weirdness & Mutations

You have an increased reservoir of magic. (+10% MP)


Message History

The jelly flickers and vanishes!
Deactivating autopickup; reactivate with Ctrl-A.
Evoking this partially-identified wand wasted a few charges.
Something hits you but does no damage.
Evoke which item? (* to show all) (? for menu, Esc to quit)
Aiming: Random Effects (will waste charges)
Press: ? - help, Shift-Dir - straight line Nothing appears to happen.
Something hits you but does no damage. Something hits you.
The acid corrodes you!
You are splashed with acid!
The acid burns!
* * * LOW HITPOINT WARNING * * *
Unknown command.
Evoke which item? (* to show all) (? for menu, Esc to quit)
This wand has no charges.
You closely miss something. Something hits you but does no damage.
Unknown command.
You barely miss something. Something hits you.
* * * LOW HITPOINT WARNING * * *
The acid corrodes you!
You are splashed with acid!
The acid burns!
You die...

###.###.# #.# #.....
........# #.###.#(..
######### #........| ##
#####.##.. .# ########
#..... (##......#####
####.# #.#.......##.# #..
#J#........'.## #o#
#.#...(..{@'..# ##.#
#)#'#......'((# ##..#
#.#.#.....##..#########..o#
#.#.#....###).).....##.....
##.####### #)####.#........
### #(# #...##)..o. #.#
#######.... #.# ##... #.#
#####.####### ##.#


There were no monsters in sight!

Vanquished Creatures
  Grinder (D:3)
  2 jellies (D:3)
  2 orc priests (D:3)
  An adder (D:3)
  5 oozes (D:3)
  2 worms (D:2)
  A dart slug (D:1)
  2 leopard geckos
  10 orcs (D:3)
  4 bats
  3 goblins
  8 hobgoblins
  2 jackals (D:3)
  A quokka (D:3)
  A ball python (D:1)
  3 frilled lizards
  14 kobolds
  8 rats
70 creatures vanquished.

Vanquished Creatures (others)
  8 fungi (D:3)
  7 toadstools (D:3)
15 creatures vanquished.

Grand Total: 85 creatures vanquished

Notes
Turn   | Place    | Note
-------+----------+-------------------------------------------
     0 | D:1      | dvd the Demigod Fighter began the quest for the Orb.
     0 | D:1      | Reached XP level 1. HP: 18/18 MP: 3/3
   206 | D:1      | Reached XP level 2. HP: 25/25 MP: 4/4
  1014 | D:2      | Reached XP level 3. HP: 30/31 MP: 5/5
  2003 | D:3      | Reached XP level 4. HP: 21/38 MP: 5/7
  2235 | D:3      | Found a shimmering altar of Xom.
  2237 | D:3      | Found a shimmering altar of Xom.
  2260 | D:3      | Found a shimmering altar of Xom.
  2260 | D:3      | Found a shimmering altar of Xom.
  2260 | D:3      | Found a shimmering altar of Xom.
  2264 | D:3      | Found a shimmering altar of Xom.
  2264 | D:3      | Found a shimmering altar of Xom.
  2356 | D:3      | Noticed Grinder
  2364 | D:3      | Paralysed by Grinder for 6 turns
  2374 | D:3      | Reached skill level 1 in Spellcasting
  2378 | D:3      | Paralysed by Grinder for 3 turns
  2391 | D:3      | Paralysed by Grinder for 7 turns
  2407 | D:3      | Killed Grinder
  2407 | D:3      | Reached skill level 1 in Dodging
  2407 | D:3      | Reached XP level 5. HP: 16/45 MP: 8/10
  2407 | D:3      | Reached XP level 6. HP: 18/51 MP: 8/11
  2875 | D:3      | Splashed by a jelly's acid

Skill      XL: |  1  2  3  4 |
---------------+-------------+-----
Long Blades    | 2 3 |  3.7
Fighting       | 3 |  3.5
Armour         | 3 |  3.9
Shields        | 3 |  3.6
Spellcasting   | 1 |  1.8
Dodging        | 1 |  1.0
Short Blades   | |  0.1
Throwing       | |  0.1
Stealth        | |  0.2

Action                   |  1- 3 |  4- 6 || total
-------------------------+-------+-------++-------
Melee: Long sword        |   134 |    78 ||   212
       Short sword       |       |    48 ||    48
Throw: Tomahawk          |       |     3 ||     3
Evoke: Wand              |       |     2 ||     2
  Use: Potion            |       |     3 ||     3
  Eat: Chunk             |     4 |     3 ||     7
Armor: Scale mail        |    16 |    24 ||    40
       Chain mail        |    44 |    43 ||    87
Dodge: Dodged            |    21 |    44 ||    65
Block: Shield            |    71 |    58 ||   129
       Rpst.: Long sword |     4 |     8 ||    12
